Map: Thunderbird LE

Players

Sarzorus - Winner!

  • Race: Terran Terran
  • League: Platinum
  • Spawn Location: 11:00

pHARM

  • Race: Zerg Zerg
  • League: Platinum
  • Spawn Location: 5:00

VOD

Have the link to the VOD?

Description

Time

  • Played on: Oct. 6, 2019, 2:14 a.m.
  • Length: 12:34
Show
View Real Time Build Order
Export as new Build Order

Sarzorus Terran - Winner!

Build Orders:  

Get SALT Encoding   

  12  0:01  SCV  
  13  0:13  Supply Depot  
  13  0:18  SCV  
  14  0:30  SCV  
  15  0:36  Barracks  
  15  0:42  SCV  
  16  0:49  Refinery  
  16  0:54  SCV  
  17  1:06  SCV  
  18  1:18  Barracks  
  19  1:26  Refinery  
  19  1:28  Orbital Command  
  18  1:39  Barracks  
  18  1:42  Marine  
  19  1:53  SCV  
  20  2:00  Marine  
  21  2:05  Supply Depot  
  21  2:07  Barracks Tech Lab  
  21  2:14  SCV  
  23  2:29  Barracks Reactor  
  22  2:37  Barracks Reactor  
  22  2:43  Marine, Supply Depot  
  23  2:46  Stimpack  
  23  2:52  SCV  
  24  3:00  Marine  
  25  3:07  SCV, Factory  
  25  3:08  Marine x2  
  28  3:15  Marine x2  
  30  3:22  SCV  
  30  3:26  Marine  
  32  3:27  Marine x2  
  34  3:35  SCV  
  34  3:37  Marine x2  
  37  3:43  Supply Depot  
  37  3:44  Supply Depot  
  37  3:46  Marine x2  
  39  3:59  Starport  
  39  4:00  Factory Reactor  
  39  4:05  SCV  
  40  4:14  Marine x3  
  40  4:15  Marine  
  44  4:25  Combat Shield  
  44  4:31  Marine, Supply Depot  
  44  4:32  Supply Depot  
  45  4:54  Factory Tech Lab  
  44  5:09  Liberator x2  
  44  5:11  Marine x5  
  35  5:24  Siege Tank  
  40  5:38  Command Center  
  39  5:47  Marine x3  
  42  5:51  Liberator  
  42  5:59  Marine  
  42  6:00  Marine  
  42  6:01  SCV  
  38  6:37  Liberator  
  38  6:52  Supply Depot  
  41  7:01  Marine x2  
  41  7:02  Marine  
  41  7:04  Barracks  
  41  7:05  Barracks Reactor  
  41  7:08  Concussive Shells  
  44  7:10  Siege Tank  
  47  7:58  Marine x4  
  47  7:59  Marine  
  47  8:00  Siege Tank  
  47  8:04  Liberator  
  47  8:05  Liberator  
  55  8:16  Marine  
  55  8:17  Marine x4  
  55  8:19  Orbital Command  
  63  8:34  Marine  
  64  8:57  Marine x5  
  69  9:14  Marine  
  69  9:15  Marine  
  68  9:44  Marine x5  
  70  9:46  Siege Tank  
  73  10:01  Marine  
  73  10:02  Marine x3  
  71  10:09  Marine  
  72  10:18  Siege Tank, SCV  
  72  10:19  Marine x2  
  78  10:22  Marine x2  
  78  10:27  Marine  
  81  10:37  Marine  
  82  10:52  Marine x4  
  86  10:59  Supply Depot  
  86  11:01  Supply Depot x3  
  86  11:03  Supply Depot  
  86  11:06  Siege Tank, Supply Depot  
  86  11:20  Marine x3  
  86  11:21  Marine x2  
  98  11:32  Liberator x2  
  91  11:38  Marine x5, Siege Tank  
  73  11:54  SCV x2  
  75  12:03  Engineering Bay  
  75  12:05  Armory  
  75  12:06  SCV x2, Armory, Engineering Bay  
  77  12:20  Command Center  
Show
View Real Time Build Order
Export as new Build Order

pHARM Zerg 

Build Orders: Hatch First 

Get SALT Encoding   

  12  0:01  Drone  
  13  0:21  Overlord  
  13  0:22  Drone  
  14  0:39  Drone x2  
  16  0:51  Hatchery  
  16  0:55  Drone  
  16  0:56  Drone  
  17  1:08  Drone  
  18  1:14  Spawning Pool  
  18  1:16  Drone  
  18  1:37  Drone x2  
  20  1:40  Extractor  
  19  1:47  Drone  
  20  2:00  Overlord  
  20  2:03  Queen  
  20  2:07  Hatchery  
  21  2:12  Queen  
  23  2:18  Zergling x2  
  23  2:19  Zergling x2  
  23  2:21  Drone  
  26  2:24  Drone  
  27  2:51  Queen  
  27  2:53  Drone x6  
  35  3:13  Overlord x2  
  35  3:26  Metabolic Boost  
  35  3:53  Drone x4  
  35  3:54  Drone x9  
  48  3:56  Overlord x3  
  48  3:59  Overlord  
  48  4:08  Baneling Nest  
  47  4:10  Evolution Chamber x2  
  47  4:15  Extractor  
  47  4:16  Extractor  
  43  4:23  Zergling x14  
  50  4:31  Lair  
  50  4:48  Zerg Melee Weapons Level 1  
  50  4:56  Zergling x24  
  60  5:01  Baneling x4  
  60  5:04  Baneling  
  60  5:11  Zergling x10  
  48  5:28  Drone x6  
  54  5:38  Zerg Ground Armor Level 1  
  54  5:41  Drone x3  
  57  5:45  Drone  
  58  5:51  Baneling x6  
  58  5:52  Baneling  
  58  5:53  Baneling  
  41  6:35  Drone x14  
  55  6:41  Spore Crawler  
  54  6:48  Infestation Pit, Hydralisk Den  
  54  6:49  Centrifical Hooks  
  52  7:06  Queen  
  54  7:11  Spore Crawler  
  54  7:12  Extractor  
  52  7:16  Extractor  
  51  7:26  Zergling x10  
  51  7:27  Zergling x10  
  51  7:29  Hatchery  
  55  7:43  Hydralisk  
  55  7:44  Hydralisk x2  
  48  8:06  Hydralisk x5  
  58  8:25  Drone x2  
  59  8:47  Spore Crawler  
  56  9:01  Drone  
  56  9:02  Drone x3  
  57  9:34  Drone x8  
  53  9:54  Drone x2  
  53  9:55  Drone x2  
  54  10:14  Drone  
  55  10:32  Spire  
  54  10:41  Baneling  
  54  10:42  Baneling x13  
  54  10:44  Zergling x2  
  54  10:46  Zergling x2  
  54  11:05  Zergling x8  
  58  11:24  Overlord  
  58  11:25  Overlord x4  
  49  11:49  Corruptor x5  
  59  11:58  Drone x4  
  63  12:06  Drone x2  
Tags
 
Matchup
TvZ
Replay Pack
10.7.19
Spawn Locations
Cross Positions
Add a new tag
Caveats
  • Supply blocks, unpowered buildings, or Contaminate may cause inaccurate times.
  • Supply counts are checked every 10 seconds.